 Dungeon Crawl Stone Soup version 0.30-a0-722-g3e6e8c874d (webtiles) character file.

Game seed: 2920605143078703846

389 sircluck the Covered (level 6, -1/51 (53) HPs)
             Began as a Minotaur Fighter on Jan 27, 2023.
             Was a Plaything of Xom.
             Killed from afar by a white imp (8 damage)
             ... with a puff of frost
             ... summoned by Xom
             ... on level 4 of the Dungeon.
             The game lasted 00:21:08 (3869 turns).

sircluck the Covered (Minotaur Fighter)             Turns: 3869, Time: 00:21:09

HP:   -1/51 (53)    AC:  9    Str: 20      XL:     6   Next: 49%
MP:   0/5           EV:  9    Int:  5      God:    Xom [......]
Gold: 114           SH:  4    Dex:  9 (10) Spells: 5/5 levels left

rFire   . . .      SeeInvis .    a - +1 long sword
rCold   . . .      Faith    .    c - +0 buckler
rNeg    . . .      Spirit   +    b - +1 scale mail
rPois   .          Reflect  .    (helmet restricted)
rElec   .          Harm     .    (no cloak)
rCorr   .          Rampage  .    (no gloves)
Will    +....                    (no boots)
Stlth   x                          - amulet of guardian spirit
HPRegen 0.28/turn                m - ring of willpower
MPRegen 0.09/turn                y - +4 ring of slaying

@: lightly drained, unable to read, unable to drink
A: horns 2, retaliatory headbutt, shaggy fur 1, weak 1, inability to drink after
injury 1, inability to read after injury 1, MP-powered wands
a: Renounce Religion


You were on level 4 of the Dungeon.
You worshipped Xom.
You were a very special plaything of Xom.
You visited 1 branch of the dungeon, and saw 4 of its levels.

You collected 225 gold pieces.
You spent 111 gold pieces at shops.

Inventory:

Hand Weapons
 a - a +1 long sword (weapon)
 u - a +0 executioner's axe
Missiles
 e - 13 poisoned darts (quivered)
 l - 10 stones
 p - 3 large rocks
Armour
 b - a +1 scale mail (worn)
 c - a +0 buckler (worn)
Jewellery
 m - a ring of willpower (left hand)
 x - an amulet of guardian spirit (around neck)
 y - a +4 ring of slaying (right hand)
 A - a +6 ring of dexterity
Wands
 o - a wand of roots (7)
 B - a wand of digging (1)
Scrolls
 g - 3 scrolls of identify
 h - a scroll of poison
 i - 2 scrolls of butterflies
 j - 2 scrolls of enchant armour
 n - 2 scrolls of teleportation
 q - 2 scrolls of magic mapping
 C - 2 scrolls of blinking {unknown}
Potions
 d - 2 potions of might
 f - a potion of degeneration {unknown}
 k - 2 potions of lignification {unknown}
 r - a potion of mutation {unknown}
 s - 2 potions of haste {unknown}
 t - 2 potions of heal wounds {unknown}
 v - a potion of ambrosia {unknown}
 w - a potion of attraction {unknown}
 z - a potion of magic {unknown}
 D - a potion of curing {unknown}


   Skills:
 + Level 4.5 Fighting
 + Level 5.4 Long Blades
 + Level 5.5 Armour
 + Level 1.3 Dodging
 + Level 0.8 Stealth
 + Level 4.7 Shields


You had 5 spell levels left.
You didn't know any spells.
Your spell library contained the following spells:

 Spells                   Type           Power      Damage    Failure   Level
 Ensorcelled Hibernation  Hex/Ice        0%         N/A       95%         2
 Passwall                 Tmut/Erth      0%         N/A       95%         2
 Sublimation of Blood     Necr           0%         N/A       95%         2
 Swiftness                Air            0%         N/A       99%         3
 Petrify                  Tmut/Erth      0%         N/A       100%        4
 Irradiate                Conj/Tmut      0%         3d11      100%        5


Dungeon Overview and Level Annotations

Branches:
Dungeon (4/15)
 Temple: D:4-7

Altars:
Elyvilon
Gozag
Kikubaaqudgha
Nemelex Xobeh
Xom
Zin

Shops:
D:3 :?**


Innate Abilities, Weirdness & Mutations

You have a pair of horns on your head.
You reflexively headbutt those who attack you in melee.
You are covered in fur. (AC +1)
You are weak. (Str -2)
You occasionally lose the ability to drink potions when taking damage.
You occasionally lose the ability to read scrolls when taking damage.
You expend magic power (3 MP) to strengthen your wands.


Message History

The endoplasm hits you but does no damage.
The endoplasm freezes you.
You are frozen.
The endoplasm attacks as you move away!
The endoplasm hits you but does no damage.
You hit the endoplasm.
The endoplasm is heavily wounded.
The endoplasm freezes you.
You are frozen.
You hit the endoplasm.
You kill the endoplasm!
You have 114 gold pieces.
There is a stone staircase leading down here.
Found a ring mail.
Xom is getting BORED.
You are now a BORING thing.
C - 2 scrolls labelled TAZOETZ GEPLOTS
D - a brown potion You open the door.
Found 6 gold pieces.
Found a glowing silver altar of Zin.
There is an open door here. "Time to have some fun!"
You are now a very special plaything of Xom.
The sun demon attacks as you move away! The sun demon barely misses you.
The quasit bites you.
You feel clumsy.
The quasit claws you but does no damage.
The quasit barely misses you. The chaos spawn hits you!
You feel drained. The white imp gestures at you. The puff of frost hits you!
You hit the sun demon.
The sun demon is lightly wounded.
You block the quasit's attack. x3; The sun demon hits you!
You feel threatened and lose the ability to read scrolls!
You feel threatened and lose the ability to drink potions!
You are engulfed in flames!
* * * LOW HITPOINT WARNING * * *
The white imp gestures at you. The puff of frost hits you!
You die...

........## ###...#........#
###..#### #._.#......###
##..## #...#.######
...###### #####.# ..####..##
#$$$#.# .........## ##$####
..........# #####
..........## #55.#
...........# #@3.#
...........# ##4######
...........## ##'#....###
.........)<.# #.........###
............## #...........#
.........<...# #...........#
.............# ##...........
.......>.....# #........[..
##..........<####..........#


You could see a sun demon (summoned), a chaos spawn (summoned), a quasit
(summoned) and a white imp (summoned).

Vanquished Creatures
  An ogre (D:4)
  A phantom (D:4)
  2 hounds (D:4)
  An iguana (D:4)
  Terence (D:3)
  2 adders (D:4)
  3 dart slugs
  4 worms
  7 orcs (D:3)
  12 endoplasms
  4 giant cockroaches
  7 goblins
  3 hobgoblins
  3 jackals (D:1)
  3 quokkas
  7 ball pythons
  7 bats
  4 frilled lizards
  5 kobolds
  2 rats
79 creatures vanquished.

Vanquished Creatures (others)
  An iguana (D:3)
  An adder (D:3)
  A goblin (D:3)
3 creatures vanquished.

Grand Total: 82 creatures vanquished

Notes
Turn   | Place    | Note
-------+----------+-------------------------------------------
     0 | D:1      | sircluck the Minotaur Fighter began the quest for the Orb.
     0 | D:1      | Reached XP level 1. HP: 19/19 MP: 0/0
   214 | D:1      | Reached XP level 2. HP: 23/27 MP: 1/1
   552 | D:1      | Found a faded altar of an unknown god.
   559 | D:1      | Prayed at the altar of an unknown god.
   559 | D:1      | Became a worshipper of Xom of Chaos
   877 | D:1      | Found a sparkling altar of Nemelex Xobeh.
   924 | D:1      | XOM: silly message
  1039 | D:2      | Reached XP level 3. HP: 31/33 MP: 2/2
  1454 | D:2      | XOM: stat loss: -1 Int (4/5)
  1497 | D:2      | XOM: torment (18/33 hp)
  2027 | D:3      | Noticed Terence
  2039 | D:3      | Killed Terence
  2040 | D:3      | Reached skill level 1 in Dodging
  2040 | D:3      | Reached XP level 4. HP: 34/40 MP: 3/3
  2116 | D:3      | Found a shimmering altar of Xom.
  2194 | D:3      | Found Nizuruxy's Book Emporium.
  2203 | D:3      | Found Wuehyuwn's Magic Scroll Emporium.
  2302 | D:3      | Bought a scroll of butterflies for 52 gold pieces
  2302 | D:3      | Bought a scroll of identify for 26 gold pieces
  2379 | D:3      | XOM: enchant monster (bad)
  2460 | D:3      | Found Kinopn's General Store.
  2489 | D:3      | Bought 4 poisoned darts for 33 gold pieces
  2556 | D:3      | Found a white marble altar of Elyvilon.
  2699 | D:3      | XOM: noise
  2723 | D:3      | Found Muewu's General Store.
  2854 | D:4      | Reached XP level 5. HP: 9/46 MP: 4/4
  3200 | D:4      | Noticed an ogre
  3200 | D:4      | XOM: 1-stop teleportation journey
  3201 | D:4      | XOM: torment (26/46 hp)
  3214 | D:4      | XOM: torment (8/46 hp)
  3216 | D:4      | Killed an ogre
  3217 | D:4      | Reached skill level 5 in Armour
  3241 | D:4      | Reached XP level 6. HP: 16/53 MP: 3/5
  3256 | D:4      | XOM: give mutations
  3256 | D:4      | Gained mutation: You are covered in fur. (AC +1) [Xom's
                  | mischief]
  3256 | D:4      | Gained mutation: You expend magic power (3 MP) to
                  | strengthen your wands. [Xom's mischief]
  3256 | D:4      | Gained mutation: You occasionally lose the ability to drink
                  | potions when taking damage. [Xom's mischief]
  3276 | D:4      | XOM: enchant monster (bad)
  3278 | D:4      | XOM: give mutations
  3278 | D:4      | Gained mutation: You are weak. (Str -2) [Xom's mischief]
  3278 | D:4      | Gained mutation: You occasionally lose the ability to read
                  | scrolls when taking damage. [Xom's mischief]
  3283 | D:4      | Reached skill level 5 in Long Blades
  3611 | D:4      | XOM: silly message
  3636 | D:4      | Found an opulent altar of Gozag.
  3680 | D:4      | Found an ancient bone altar of Kikubaaqudgha.
  3864 | D:4      | Found a glowing silver altar of Zin.
  3867 | D:4      | XOM is BORED!
  3867 | D:4      | XOM: summons 4 hostile demons
  3868 | D:4      | Noticed a chaos spawn
  3868 | D:4      | Noticed a sun demon
  3869 | D:4      | Killed from afar by a white imp

Illustrated notes

Levels and vault maps discovered:
D:1:      dpeg_arrival_water_altar, layout_basic, ebering_ecumenical_altar_hall
D:2:      minmay_door_path, layout_loops_ring, amethyst_killhole,
          minmay_misc_feat_encased
D:3:      layout_rooms, xom_confusion_cloud, nicolae_elyvilon_peaceful_grove,
          serial_shops, shop, nicolae_shop_crystal, shop, nicolae_square_shop,
          serial_corexii_hall, corexii_hall_statues_i, corexii_hall_statues_t,
          corexii_hall_statues_u, corexii_hall_statues_s, minmay_ruptured,
          uniq_terence
D:4:      layout_cave_pods, pdpol_temple_overflow_zin_treasury_gozag_greed,
          lemuel_doored_altar

Skill      XL: |  1  2  3  4  5  6 |
---------------+-------------------+-----
Fighting       | 4 |  4.5
Shields        | 4 |  4.7
Armour         | 4 5 |  5.5
Long Blades    | 3 4 5 |  5.4
Dodging        | 1 |  1.3
Stealth        | |  0.8

Action                     |  1- 3 |  4- 6 || total
---------------------------+-------+-------++-------
  Melee: Long sword        |   101 |    69 ||   170
         Headbutt          |    18 |    15 ||    33
  Evoke: Wand              |       |     1 ||     1
    Use: Scroll            |       |     7 ||     7
 Armour: Scale mail        |    75 |    46 ||   121
  Dodge: Dodged            |    61 |    47 ||   108
  Block: Buckler           |    36 |    21 ||    57

Table legend: (Time is in decaauts)
 A = Elapsed time spent in this place.
 B = Non-inter-level travel time spent in this place.
 C = Inter-level travel time spent in this place.
 D = Time resting spent in this place.
 E = Time spent auto-exploring this place.
 F = Levels seen in this place.
 G = Mean time per level.
                   A        B        C        D        E       F      G
               +--------+--------+--------+--------+--------+-----+--------+
         Total |   3924 |   3839 |     85 |    412 |    921 |   4 |  981.0 |
       Dungeon |   3924 |   3839 |     85 |    412 |    921 |   4 |  981.0 |
               +--------+--------+--------+--------+--------+-----+--------+

Top non-repeatable levels by time:
     D:2: 1086 daAuts
     D:4: 1070 daAuts
     D:1: 966 daAuts
     D:3: 800 daAuts
